 Dungeon Crawl Stone Soup version 0.26-a0-576-gcfaa98f945 (webtiles) character file.

Game seed: 10248624180765481814

0 Gargoyl the Skirmisher (level 1, -1/23 HPs)
             Began as a Gnoll Abyssal Knight on Aug 22, 2020.
             Was a Follower of Lugonu.
             Slain by a hellion (3 damage)
             ... on level 4 of the Abyss.
             The game lasted 00:02:07 (150 turns).

Gargoyl the Skirmisher (Gnoll Abyssal Knight)        Turns: 150, Time: 00:02:08

Health: -1/23      AC:  9    Str: 14    XL:     1   Next: 0%
Magic:  3/3        EV:  7    Int: 14    God:    Lugonu [*.....]
Gold:   0          SH:  0    Dex: 14    Spells: 0/0 levels left

rFire    . . .     SeeInvis .   a - +1 hand axe
rCold    . . .     Faith    .   (no shield)
rNeg     . . .     Spirit   .   c - +0 chain mail
rPois    .         Reflect  .   (no helmet)
rElec    .         Harm     .   (no cloak)
rCorr    .                      (no gloves)
MR       .....                  (no boots)
Stlth    ..........             (no amulet)
HPRegen  0.07/turn              (no ring)
MPRegen  0.08/turn              (no ring)

@: no status effects
A: distributed training, fangs 1, strong nose
a: Depart the Abyss, Renounce Religion


You were on level 4 of the Abyss.
You worshipped Lugonu.
Lugonu was aware of your devotion.
You visited 0 branches of the dungeon, and saw 0 of its levels.
You visited the Abyss 1 time.

Inventory:

Hand Weapons
 a - a +1 hand axe (weapon)
Armour
 b - a +0 leather armour
 c - a +0 chain mail (worn)
Wands
 d - a wand of enslavement (1)


   Skills:
 + Level 6.4 Fighting
 + Level 0.0 Short Blades
 + Level 0.0 Long Blades
 + Level 4.4 Axes
 + Level 0.0 Maces & Flails
 + Level 0.0 Polearms
 + Level 0.0 Staves
 + Level 0.0 Slings
 + Level 0.0 Bows
 + Level 0.0 Crossbows
 + Level 0.0 Throwing
 + Level 4.4 Armour
 + Level 2.3 Dodging
 + Level 0.0 Stealth
 + Level 0.0 Shields
 + Level 0.0 Unarmed Combat
 + Level 0.0 Spellcasting
 + Level 0.0 Conjurations
 + Level 0.0 Hexes
 + Level 0.0 Summonings
 + Level 0.0 Necromancy
 + Level 0.0 Translocations
 + Level 0.0 Transmutations
 + Level 0.0 Fire Magic
 + Level 0.0 Ice Magic
 + Level 0.0 Air Magic
 + Level 0.0 Earth Magic
 + Level 0.0 Poison Magic
 + Level 4.4 Invocations
 + Level 0.0 Evocations


You couldn't memorise any spells.
You didn't know any spells.
Your spell library contained the following spells:

 Spells                   Type           Power        Failure   Level
 Animate Skeleton         Necr           #.....       99%         1
 Apportation              Tloc           #.....       99%         1
 Corona                   Hex            #......      99%         1
 Summon Small Mammal      Summ           #...         99%         1
 Lesser Beckoning         Tloc           #.........   100%        3
 Tukima's Dance           Hex            #.......     100%        3
 Alistair's Intoxication  Tmut/Pois      #........    100%        5
 Invisibility             Hex            #.......     100%        6


Dungeon Overview and Level Annotations

Branches:
Dungeon (0/15)

Altars:


Innate Abilities, Weirdness & Mutations

Your experience applies equally to all skills.
You have very sharp teeth.
Your uncanny sense of smell can sniff out nearby items.


Message History

A hellion comes into view.
Found 23 gold pieces.
The hellion gives a hideous shriek!
You hear a shout!
A smoke demon comes into view.
A chorus of shrieks assaults your mind.
* * * LOW HITPOINT WARNING * * *
Unknown command.
Aiming: Enslavement
Press: ? - help, Shift-Dir - straight line, f - hellion
Aim: a hellion (chance to defeat MR: 15%)
The hellion resists with almost no effort.
The hellion hits you.
* * * LOW HITPOINT WARNING * * *
A starcursed mass splits. x2
Aiming: Enslavement
Press: ? - help, Shift-Dir - straight line, f/p - hellion
Aim: a hellion (chance to defeat MR: 15%)
The hellion resists with almost no effort.
The hellion hits you.
You die...

∆ #.. ##.... #
## .#....
.#.###.....
#..#.....#
#.#...3. ∆
#.$..2# #.#.@#
∆ #.#.# ∆ #..X#
∆ #..##.#### #
#. ##X#$. ...
#...XX#..###...
#.###X#..#.....
#X.. ....# #
..##X. #.##.


You could see 6 starcursed masses, a smoke demon and a hellion.

Vanquished Creatures (others)
  A neqoxec (Abyss:4)
  A lurking horror (Abyss:4)
2 creatures vanquished.

Notes
Turn   | Place    | Note
-------+----------+-------------------------------------------
     0 | Abyss:1  | Gargoyl the Gnoll Abyssal Knight began the quest for the
                  | Orb.
     0 | Abyss:1  | Reached XP level 1. HP: 23/23 MP: 3/3
    47 | Abyss:2  | Noticed a small abomination
    53 | Abyss:2  | Noticed a thrashing horror
    98 | Abyss:4  | Noticed a neqoxec
   121 | Abyss:4  | Noticed a large abomination
   128 | Abyss:4  | Noticed a starcursed mass
   146 | Abyss:4  | Noticed a hellion
   148 | Abyss:4  | Noticed a smoke demon
   150 | Abyss:4  | Slain by a hellion

Illustrated notes

Levels and vault maps discovered:
Abyss:4:  evilmike_abyss_exit_7, nicolae_abyss_rune_left_handed,
          hangedman_abyss_or_decor_stagger, hangedman_abyss_or_decor_stagger

Action                   || total
-------------------------++-------
Melee: Hand axe          ||     2
Evoke: Wand              ||     6
  Use: Scroll            ||     1

Table legend: (Time is in decaauts)
 A = Elapsed time spent in this place.
 B = Non-inter-level travel time spent in this place.
 C = Inter-level travel time spent in this place.
 D = Time resting spent in this place.
 E = Time spent auto-exploring this place.
 F = Levels seen in this place.
 G = Mean time per level.
                   A        B        C        D        E       F      G
               +--------+--------+--------+--------+--------+-----+--------+
         Total |    149 |    149 |      0 |      0 |     34 |   4 |   37.2 |
         Abyss |    149 |    149 |      0 |      0 |     34 |   4 |   37.2 |
               +--------+--------+--------+--------+--------+-----+--------+

Top non-repeatable levels by time:
 Abyss:2: 71 daAuts
 Abyss:4: 54 daAuts
 Abyss:3: 11 daAuts
 Abyss:1: 11 daAuts
